 Dungeon Crawl Stone Soup version 0.21-a0-509-gecc5317 (webtiles) character file.

169 slep the Chopper (level 5, 0/39 HPs)
             Began as a Demonspawn Gladiator on Dec 1, 2017.
             Slain by a gnoll
             ... wielding a +0 flail of holy wrath
              (3 damage)
             ... on level 3 of the Dungeon.
             The game lasted 00:04:50 (1748 turns).

slep the Chopper (Demonspawn Gladiator)             Turns: 1748, Time: 00:04:50

Health: 0/39       AC:  7    Str: 15    XL:     5   Next: 25%
Magic:  5/5        EV: 12    Int:  9    God:
Gold:   124        SH:  0    Dex: 15    Spells: 4/4 levels left

rFire    . . .     SeeInvis .   a - +0 war axe
rCold    + . .     Gourm    .   (no shield)
rNeg     . . .     Faith    .   k - +0 ring mail
rPois    .         Spirit   .   (helmet restricted)
rElec    .         Reflect  .   (no cloak)
rCorr    .         Harm     .   (no gloves)
MR       .....                  (no boots)
Stlth    +.........             (no amulet)
HPRegen  0.13/turn              (no ring)
MPRegen  0.09/turn              (no ring)

@: no status effects
A: antennae 1, iridescent scales 1, cold resistance 1
a: no special abilities


You were on level 3 of the Dungeon.
You were hungry.

You visited 1 branch of the dungeon, and saw 3 of its levels.

You collected 124 gold pieces.

Inventory:

Hand Weapons
 a - a +0 war axe (weapon)
Missiles
 d - 4 throwing nets (quivered)
Armour
 b - a +0 leather armour
 c - a +0 helmet
 k - a +0 ring mail (worn)
Jewellery
 n - an uncursed ring of fire
Scrolls
 e - a scroll of teleportation {unknown}
 g - 5 scrolls of identify {unknown}
 h - a scroll of amnesia {unknown}
 l - a scroll of fog {unknown}
 r - a scroll of magic mapping {unknown}
Potions
 j - a potion of degeneration {unknown}
 m - 3 potions of ambrosia {unknown}
 o - 2 potions of curing {unknown}
 q - a potion of resistance {unknown}
 t - a potion of agility {unknown}
Comestibles
 f - 2 bread rations
 i - a royal jelly
 p - 2 fruits


   Skills:
 + Level 2.7 Fighting
 + Level 4.4 Axes
 + Level 1.8 Throwing
 + Level 1.1 Armour
 + Level 3.2 Dodging
 + Level 0.2 Stealth


You had 4 spell levels left.
You didn't know any spells.

Dungeon Overview and Level Annotations

Branches:
Dungeon (3/15)

Altars:
Fedhas
Gozag
Qazlal
Xom

Annotations:
D:3 Natasha


Innate Abilities, Weirdness & Mutations

You have a pair of small antennae on your head.
You are partially covered in iridescent scales. (AC +2)
Your flesh is cold resistant. (rC+)


Message History

Your +0 helmet falls away!
A gnoll comes into view. It is wielding a flail of holy wrath.
The giant cockroach completely misses you.
You hit the giant cockroach but do no damage.
The giant cockroach barely misses you.
A gnoll comes into view. It is wielding a halberd.
You slash the giant cockroach!
You kill the giant cockroach!
Natasha, Servant of Life and Death comes into view.
You see here a giant cockroach corpse.
An orc comes into view. It is wielding a falchion.
The orc shouts!
A gnoll comes into view.
The gnoll hits you with a flail of holy wrath.
You convulse.
The gnoll hits you from afar with a halberd!
* * * LOW HITPOINT WARNING * * *
A gnoll comes into view.
The gnoll hits you with a flail of holy wrath.
You die...

#.. ... #.# ..### #.#
.... #.# ##..#
#########.#######...##
.......##.......†..>.##
######.##...###.......###
#.........?.........
######.###o@g..h.... #
......#.g...#### #
#.##.##.##...## # #
#.##.###..# # ..... .g# #
#.##. #.# # #.# g# # .# #


You could see Natasha, 4 gnolls and an orc.

Vanquished Creatures
  A howler monkey (D:3)
  Natasha (D:3)
  A worker ant (D:2)
  2 adders (D:2)
  A worm (D:2)
  2 dart slugs (D:1)
  2 leopard geckos
  11 bats
  3 giant cockroaches
  2 hobgoblins
  A jackal (D:3)
  10 kobolds
  A ball python (D:2)
  4 frilled lizards
  8 goblins
  4 rats
54 creatures vanquished.

Notes
Turn   | Place    | Note
-------+----------+-------------------------------------------
     0 | D:1      | slep the Demonspawn Gladiator began the quest for the Orb.
     0 | D:1      | Reached XP level 1. HP: 16/16 MP: 1/1
    57 | D:1      | Gained mutation: You are partially covered in iridescent scales. (AC +2) [demonic ancestry]
    57 | D:1      | Reached XP level 2. HP: 22/22 MP: 2/2
   120 | D:1      | Reached skill level 3 in Axes
   978 | D:2      | Gained mutation: Your flesh is cold resistant. (rC+) [demonic ancestry]
   978 | D:2      | Reached XP level 3. HP: 27/27 MP: 3/3
   984 | D:2      | Found a shimmering altar of Xom.
   985 | D:2      | Found an opulent altar of Gozag.
   991 | D:2      | Found a blossoming altar of Fedhas.
  1154 | D:2      | Found a stormy altar of Qazlal.
  1244 | D:2      | Reached XP level 4. HP: 19/34 MP: 4/4
  1700 | D:3      | Reached skill level 4 in Axes
  1719 | D:3      | Noticed Natasha
  1725 | D:3      | Killed Natasha
  1741 | D:3      | Reached skill level 1 in Armour
  1741 | D:3      | Gained mutation: You have a pair of small antennae on your head. [demonic ancestry]
  1741 | D:3      | Reached XP level 5. HP: 15/39 MP: 5/5
  1746 | D:3      | Noticed Natasha
  1748 | D:3      | Slain by a gnoll

Vault maps used:
D:1:      minmay_arrival_four_circles, grunt_decor_arrowhead, minmay_octomino_j4
D:2:      minitemple, nicolae_qazlal_general_emergency
D:3:      first_bread, uniq_natasha

Skill      XL: |  1  2  3  4 |
---------------+-------------+-----
Axes           | 3 4 |  4.4
Dodging        | 3 |  3.2
Armour         | 1 |  1.1
Fighting       | |  2.7
Throwing       | |  1.8
Stealth        | |  0.2

Action                   |  1- 3 |  4- 6 || total
-------------------------+-------+-------++-------
Melee: War axe           |    93 |    57 ||   150
 Stab: Sleeping          |     1 |       ||     1
  Eat: Chunk             |       |     2 ||     2
Armor: Leather armour    |    34 |       ||    34
       Ring mail         |    19 |    22 ||    41
Dodge: Dodged            |    91 |    51 ||   142

Table legend:
 A = Spawn XP
 B = Non-spawn XP
 C = Spawn XP percentage of total XP
 D = Spawn monster count
 E = Non-spawn monster count
 F = Spawn count percentage of total count
 G = Total turns spent on level
                    A         B        C        D         E        F      G
               +---------+---------+-------+---------+---------+-------+---------
         Total |       0 |     242 |   0.0 |       0 |      54 |   0.0 |  1748
               +---------+---------+-------+---------+---------+-------+---------
           D:1 |       0 |      38 |   0.0 |       0 |      23 |   0.0 |   919
           D:2 |       0 |      97 |   0.0 |       0 |      23 |   0.0 |   754
           D:3 |       0 |     107 |   0.0 |       0 |       8 |   0.0 |    75
               +---------+---------+-------+---------+---------+-------+---------
